 Dungeon Crawl Stone Soup version 0.27-a0-1595-g0b823d0a13 (webtiles) character file.

Game seed: 16381594285780535441

180 flotson the Sneak (level 5, 0/42 HPs)
             Began as a Demonspawn Delver on July 20, 2021.
             Killed by nerve-wracking pain
             ... invoked by Grinder
              (8 damage)
             ... on level 3 of the Dungeon.
             The game lasted 00:03:35 (2087 turns).

flotson the Sneak (Demonspawn Delver)               Turns: 2087, Time: 00:03:36

Health: 0/42       AC:  5    Str: 14    XL:     5   Next: 33%
Magic:  5/5        EV: 11    Int: 11    God:
Gold:   142        SH:  4    Dex: 14    Spells: 4/4 levels left

rFire    . . .     SeeInvis .   a - +0 hand axe
rCold    . . .     Faith    .   (no shield)
rNeg     . . .     Spirit   .   i - +0 ring mail
rPois    .         Reflect  .   (no helmet)
rElec    .         Harm     .   (no cloak)
rCorr    .         Rampage  .   (no gloves)
Will     .....                  (no boots)
Stlth    ++........             (no amulet)
HPRegen  0.14/turn              (no ring)
MPRegen  0.09/turn              (no ring)

@: no status effects
A: large bone plates 1, powered by death 1, spiny 1
a: no special abilities


You were on level 3 of the Dungeon.
You visited 1 branch of the dungeon, and saw 5 of its levels.

You collected 142 gold pieces.

Inventory:

Hand Weapons
 a - a +0 hand axe (weapon)
Armour
 i - a +0 ring mail (worn)
Jewellery
 d - a ring of fire
Wands
 g - a wand of digging (3)
Scrolls
 b - 3 scrolls of identify {unknown}
 c - a scroll of fog
 e - a scroll of enchant weapon {unknown}
 l - a scroll of immolation {unknown}
 m - a scroll of teleportation {unknown}
Potions
 f - a potion of attraction {unknown}
 h - a potion of heal wounds {unknown}
 j - a potion of degeneration {unknown}
 k - a potion of brilliance {unknown}


   Skills:
 + Level 3.9 Fighting
 + Level 3.0 Axes
 + Level 2.1 Armour
 + Level 2.9 Dodging
 - Level 4.5 Stealth


You had 4 spell levels left.
You didn't know any spells.
Your spell library was empty.

Dungeon Overview and Level Annotations

Branches:
Dungeon (5/15)
 Temple: D:4-7

Altars:
Nemelex Xobeh

Annotations:
D:2 Sigmund
D:3 Grinder


Innate Abilities, Weirdness & Mutations

You are partially covered in large bone plates. (SH +4)
You regenerate a little health from kills.
You are partially covered in sharp spines.


Message History

You hit Grinder.
Grinder is moderately wounded.
Grinder hits you.
You writhe in agony.
You hit Grinder.
Grinder is heavily wounded.
Grinder is struck by your spines. Grinder hits you but does no damage.
You hit Grinder.
Grinder is heavily wounded.
Grinder hits you.
You writhe in agony.
Grinder blinks!
Grinder is struck by your spines. Grinder hits you.
You hit Grinder.
Grinder is heavily wounded.
Grinder hits you but does no damage.
You hit Grinder.
Grinder is severely wounded.
Grinder is struck by your spines. Grinder hits you!
You are too injured to fight recklessly!
You are too injured to fight recklessly!
You are too injured to fight recklessly!
You are too injured to fight recklessly!
You are too injured to fight recklessly!
You are too injured to fight recklessly!
You are too injured to fight recklessly!
You are too injured to fight recklessly!
You barely miss Grinder.
Grinder is severely wounded.
Grinder is struck by your spines. Grinder closely misses you.
You completely miss Grinder.
Grinder is severely wounded.
Grinder is struck by your spines. Grinder hits you.
You writhe in agony.
* * * LOW HITPOINT WARNING * * *
Unknown command.
You hit Grinder.
Grinder is almost dead.
Grinder is struck by your spines. Grinder barely misses you.
You hit Grinder but do no damage.
Grinder is almost dead.
Grinder gestures at you. Pain shoots through your body!
You die...

*,*****....###.## ##..#..... *,,*
**#.......# ##...#..... **,*
*#....#.####...##..... *,****
*#...#......#.##..".. *****,,,,**
#..#...#.###.##..... ,,,,,,,<,,*
#........###.####...
,,,,,,,,,#####....#.#..##.##....#
,,,,,,,,,......5...............##
**********###...@.#.........#....
****#...#....##......##.##
**,,,#.#.##...###.....##.#
**,,,...#,,..#.........#..##
*,,,...,,,,#######.........#
*,,,,,,,,*** #.....#....
*,,,,,,,,* #######..## **,,,,,,,*
##.... **,,,,,*** ##...##


You could see Grinder.

Vanquished Creatures
  A bullfrog (D:3)
  A hound (D:3)
  Jessica (D:2)
  2 adders
  A worm (D:2)
  A dart slug (D:2)
  5 endoplasms
  3 giant cockroaches
  4 goblins
  3 hobgoblins
  2 jackals (D:2)
  A quokka (D:1)
  2 ball pythons (D:1)
  4 bats (D:1)
  3 frilled lizards (D:1)
  5 kobolds
  4 rats
43 creatures vanquished.

Notes
Turn   | Place    | Note
-------+----------+-------------------------------------------
     0 | D:5      | flotson the Demonspawn Delver began the quest for the Orb.
     0 | D:5      | Reached XP level 1. HP: 18/18 MP: 1/1
     8 | D:5      | Found a sparkling altar of Nemelex Xobeh.
    17 | D:5      | Noticed a hound
    98 | D:3      | Noticed a bullfrog
   447 | D:1      | Gained mutation: You regenerate a little health from kills.
                  | [demonic ancestry]
   447 | D:1      | Reached XP level 2. HP: 22/24 MP: 2/2
  1072 | D:1      | Reached skill level 1 in Armour
  1124 | D:2      | Noticed Sigmund
  1269 | D:2      | Noticed Jessica
  1276 | D:2      | Killed Jessica
  1277 | D:2      | Gained mutation: You are partially covered in sharp spines.
                  | [demonic ancestry]
  1277 | D:2      | Reached XP level 3. HP: 10/29 MP: 3/3
  1625 | D:2      | Reached XP level 4. HP: 35/35 MP: 4/4
  1916 | D:3      | Killed a bullfrog
  1917 | D:3      | Gained mutation: You are partially covered in large bone
                  | plates. (SH +4) [demonic ancestry]
  1917 | D:3      | Reached XP level 5. HP: 29/42 MP: 5/5
  2068 | D:3      | Noticed Grinder
  2087 | D:3      | Killed from afar by Grinder

Illustrated notes

Levels and vault maps discovered:
D:1:      minmay_arrival_glassed_features, layout_rooms, serial_rivers,
          chequers_serial_rivers_marsh, chequers_serial_rivers_small_3,
          chequers_serial_rivers_micro_c, chequers_serial_rivers_micro_c,
          chequers_serial_rivers_micro_b, minmay_ruptured
D:2:      layout_basic, minivault_5, st_stairs_3, uniq_jessica, uniq_sigmund
D:3:      layout_rooms, hellmonk_ecumenical_altar_inner_sanctum, uniq_grinder,
          uniq_terence
D:4:      layout_rooms, nicolae_ru_great_annihilating_truth,
          mainiacjoe_overflow_tiny_flanked, biasface_ghost_orc_armoury
D:5:      layout_loops_cross, mainiacjoe_overflow_small_starburst, temple_hall

Skill      XL: |  1  2  3  4  5 |
---------------+----------------+-----
Axes           | 2 3 |  3.0
Dodging        | 2 |  2.9
Armour         | 1 2 |  2.1
Fighting       | |  3.9
Stealth        | |  4.5

Action                   |  1- 3 |  4- 6 || total
-------------------------+-------+-------++-------
Melee: Hand axe          |   120 |    40 ||   160
  Use: Scroll            |     2 |       ||     2
       Potion            |     1 |       ||     1
 Stab: Sleeping          |     3 |       ||     3
Armor: Leather armour    |    13 |       ||    13
       Ring mail         |    31 |    10 ||    41
Dodge: Dodged            |   106 |    17 ||   123
Block: Other             |       |     4 ||     4

Table legend: (Time is in decaauts)
 A = Elapsed time spent in this place.
 B = Non-inter-level travel time spent in this place.
 C = Inter-level travel time spent in this place.
 D = Time resting spent in this place.
 E = Time spent auto-exploring this place.
 F = Levels seen in this place.
 G = Mean time per level.
                   A        B        C        D        E       F      G
               +--------+--------+--------+--------+--------+-----+--------+
         Total |   2111 |   2049 |     62 |    165 |   1305 |   5 |  422.2 |
       Dungeon |   2111 |   2049 |     62 |    165 |   1305 |   5 |  422.2 |
               +--------+--------+--------+--------+--------+-----+--------+

Top non-repeatable levels by time:
     D:2: 991 daAuts
     D:1: 945 daAuts
     D:3: 102 daAuts
     D:5: 65 daAuts
     D:4: 5 daAuts
